 Dungeon Crawl Stone Soup version 0.23.2-30-g0e89c35649 (webtiles) character file.

Game seed: 15012348273408252922

5156 Jabberih the Cleaver (level 10, -9/67 HPs)
             Began as a Demonspawn Gladiator on June 11, 2019.
             Was a Priest of Qazlal.
             Shot with a sling bullet by Joseph (14 damage)
             ... on level 9 of the Dungeon.
             The game lasted 00:14:28 (7513 turns).

Jabberih the Cleaver (Demonspawn Gladiator)         Turns: 7513, Time: 00:14:28

Health: -9/67      AC: 10    Str: 18    XL:     10   Next: 33%
Magic:  10/10      EV: 11    Int: 16    God:    Qazlal [***...]
Gold:   440        SH:  3    Dex: 10    Spells: 9/9 levels left

rFire    . . .     SeeInvis +   a - +0 war axe
rCold    . . .     Gourm    .   (no shield)
rNeg     . . .     Faith    .   D - +0 ring mail of Fortitude {Int+3 Stlth+}
rPois    .         Spirit   .   w - +1 helmet
rElec    .         Reflect  .   (no cloak)
rCorr    .         Harm     .   (no gloves)
MR       .....                  (boots unavailable)
Stlth    ++........             k - amulet of the acrobat
HPRegen  0.21/turn              b - +1 ring of protection
MPRegen  0.12/turn              r - ring "Yroashiy" {Int+4 Dex-5 Slay+5 SInv Stlth+}

@: no status effects
A: talons 3, icy blue scales 1, powered by death 1, spiny 1
a: Upheaval, Elemental Force, Renounce Religion


You were on level 9 of the Dungeon.
You worshipped Qazlal.
Qazlal was most pleased with you.
You were not hungry.

You visited 2 branches of the dungeon, and saw 10 of its levels.

You collected 440 gold pieces.

Inventory:

Hand Weapons
 a - a +0 war axe (weapon)
 h - a +0 hunting sling
Missiles
 d - 3 throwing nets (quivered)
 u - 43 bolts
 v - 64 sling bullets
Armour
 i - a +0 ring mail
 w - a +1 helmet (worn)
 D - the +0 ring mail of Fortitude (worn) {Int+3 Stlth+}
   (You found it on level 8 of the Dungeon)

   It affects your intelligence (+3).
   It makes you more stealthy.
Jewellery
 b - a +1 ring of protection (left hand)
 k - an amulet of the acrobat (around neck)
 q - an uncursed ring of resist corrosion
 r - the ring "Yroashiy" (right hand) {Int+4 Dex-5 Slay+5 SInv Stlth+}
   (You found it on level 4 of the Dungeon)

   [ring of see invisible]

   It affects your intelligence (+4).
   It affects your dexterity (-5).
   It affects your accuracy and damage with ranged weapons and melee attacks
   (+5).
   It lets you see invisible.
   It makes you more stealthy.
Wands
 y - a wand of random effects (9)
 F - a wand of clouds (7)
 G - a wand of digging (3)
Scrolls
 c - a scroll of magic mapping {unknown}
 m - a scroll of blinking
 o - 3 scrolls of identify
 p - 3 scrolls of enchant armour
 s - 2 scrolls of teleportation {unknown}
 t - 3 scrolls of amnesia {unknown}
 x - a scroll of acquirement {unknown}
 C - 2 scrolls of remove curse {unknown}
 H - a scroll of fog {unknown}
Potions
 e - a potion of invisibility
 g - 4 potions of lignification
 j - 2 potions of heal wounds
 l - 2 potions of curing
 n - a potion of mutation {unknown}
 z - 2 potions of brilliance {unknown}
 A - a potion of haste {unknown}
 B - a potion of degeneration {unknown}
 E - a potion of ambrosia {unknown}
Comestibles
 f - 16 rations


   Skills:
 - Level 2.0 Fighting
 + Level 13.8 Axes
 - Level 1.7 Throwing
 - Level 2.6 Dodging


You had 9 spell levels left.
You didn't know any spells.
Your spell library contained the following spells:

 Spells                   Type           Power        Failure   Level  Hunger
 Bolt of Magma            Conj/Fire/Erth #.........   100%        5    ######.
 Iskenderun's Battlesphe  Conj/Chrm      #.......     100%        5    ######.
 Venom Bolt               Conj/Pois      #.........   100%        5    ######.
 Iron Shot                Conj/Erth      #.........   100%        6    #######
 Orb of Destruction       Conj           #.........   100%        7    #######
 Spellforged Servitor     Conj/Summ      #.........   100%        7    #######


Dungeon Overview and Level Annotations

Branches:
Dungeon (9/15)             Temple (1/1) D:4             Orc (0/2) D:9
   Lair: D:8-11

Altars:
Fedhas
Okawaru
Qazlal
Xom
Zin

Annotations:
D:9 Joseph


Innate Abilities, Weirdness & Mutations

You have claws for feet.
You are partially covered in icy blue scales. (AC +2)
You regenerate a little health from kills.
You are partially covered in sharp spines.


Message History

The blast of magma engulfs the two-headed ogre!!
You kill the two-headed ogre!
Qazlal accepts your kill.
You start resting.
Joseph, a Mercenary comes into view.
He is wielding a +0 quarterstaff.
Joseph shouts!
Joseph unwields a +0 quarterstaff.
Joseph wields a +0 hunting sling.
Joseph shoots a sling bullet.
The sling bullet closely misses you.
Joseph shoots a sling bullet.
The sling bullet hits you.
Items here: ( )) † a sling bullet; a +0 giant club x2; a two-headed ogre corpse Joseph shoots a sling bullet.
The sling bullet hits you!
* * * LOW HITPOINT WARNING * * *
You see here a sling bullet.
Joseph shoots a sling bullet.
The sling bullet hits you!
* * * LOW HITPOINT WARNING * * *
You see here a sling bullet.
There is a stone staircase leading up, spattered with blood here.
Joseph shoots a sling bullet.
The sling bullet hits you!
You die...

...........###.##........###.####
##.###.........##............[^..
##.###..###.#####........####....
.......## #.### #........####....
###..#.# #...###.........##.....
##...# ###....................
##..# ###.<............##....
#..####......§....####.##....
#......)....@((.(.....>..[##.
#.......####.#....[......)...
##...##.#####.###(.@....###..#
#...<.........# #.......##....
#.##.....###### #.............
#.....##.# #.......###...
####..##.## #.......# ##..
#.........### #.......# #..
#.###.......## #..###### #..


You could see Joseph.

Vanquished Creatures
  A two-headed ogre (D:9)
  Pikel (D:6)
  Grinder (D:5)
  A hornet (D:9)
  Prince Ribbit (D:9)
  A spriggan (D:8)
  Sigmund (D:2)
  A hungry ghost (D:9)
  Edmund (D:6)
  2 two-headed ogre zombies (D:9)
  4 slaves (D:6)
  2 phantoms
  A necrophage (D:9)
  2 ice beasts
  2 ogres
  A centaur (D:8)
  3 bullfrogs
  Blork the orc (D:5)
  A troll zombie (D:9)
  5 scorpions
  A centaur zombie (D:9)
  5 crimson imps
  A bullfrog zombie (D:6)
  8 hounds
  2 jellies (D:9)
  2 orc priests (D:9)
  6 orc wizards
  A bullfrog skeleton (D:4)
  A gnoll shaman (D:4)
  2 iguanas
  Ijyb (D:5)
  8 worker ants
  5 ogre zombies (D:9)
  Robin (D:2)
  A worker ant zombie (D:5)
  6 gnolls
  11 adders
  A shadow imp (D:9)
  An ooze (D:4)
  An adder zombie (D:6)
  5 dart slugs
  5 leopard geckos
  14 orcs
  A ball python (D:2)
  8 giant cockroaches
  17 goblins
  9 hobgoblins
  2 jackals (D:1)
  6 quokkas
  10 bats
  6 frilled lizards
  A goblin skeleton (D:9)
  2 hobgoblin skeletons (D:9)
  3 hobgoblin zombies (D:9)
  12 kobolds
  A leopard gecko skeleton (D:6)
  4 orc skeletons (D:9)
  15 orc zombies (D:9)
  9 rats
228 creatures vanquished.

Notes
Turn   | Place    | Note
-------+----------+-------------------------------------------
     0 | D:1      | Jabberih the Demonspawn Gladiator began the quest for the
                  | Orb.
     0 | D:1      | Reached XP level 1. HP: 16/16 MP: 1/1
    89 | D:1      | Reached skill level 3 in Axes
   439 | D:1      | Gained mutation: You have sharp toenails. [demonic
                  | ancestry]
   439 | D:1      | Reached XP level 2. HP: 16/22 MP: 2/2
   736 | D:1      | Gained mutation: You are partially covered in sharp spines.
                  | [demonic ancestry]
   736 | D:1      | Reached XP level 3. HP: 22/27 MP: 3/3
  1178 | D:2      | Reached skill level 4 in Axes
  1179 | D:2      | Noticed Robin
  1215 | D:2      | Killed Robin
  1251 | D:2      | Reached XP level 4. HP: 16/33 MP: 4/4
  1505 | D:2      | Noticed Sigmund
  1516 | D:2      | Killed Sigmund
  1516 | D:2      | Reached skill level 6 in Axes
  1516 | D:2      | Gained mutation: You have razor-sharp toenails. [demonic
                  | ancestry]
  1516 | D:2      | Reached XP level 5. HP: 22/38 MP: 5/5
  1960 | D:3      | Reached XP level 6. HP: 25/44 MP: 6/6
  2850 | D:4      | Got a fine tin ring
  2851 | D:4      | Identified the ring "Yroashiy" {Int+4 Dex-5 Slay+5 SInv
                  | Stlth+} (You found it on level 4 of the Dungeon)
  2965 | D:4      | Reached skill level 7 in Axes
  2975 | D:4      | Reached XP level 7. HP: 50/50 MP: 7/7
  3108 | D:4      | Found a staircase to the Ecumenical Temple.
  3122 | Temple   | Entered the Ecumenical Temple
  3138 | Temple   | Became a worshipper of Qazlal Stormbringer
  3173 | D:4      | Reached skill level 8 in Axes
  3413 | D:5      | Entered Level 5 of the Dungeon
  3413 | D:5      | Noticed Grinder
  4053 | D:5      | Noticed Blork the orc
  4058 | D:5      | Killed Blork the orc
  4058 | D:5      | Reached skill level 9 in Axes
  4058 | D:5      | Gained mutation: You regenerate a little health from kills.
                  | [demonic ancestry]
  4058 | D:5      | Reached XP level 8. HP: 56/56 MP: 8/8
  4079 | D:5      | Paralysed by Grinder for 3 turns
  4087 | D:5      | Killed Grinder
  4321 | D:5      | Noticed Ijyb
  4324 | D:5      | Killed Ijyb
  4393 | D:5      | Reached skill level 10 in Axes
  4691 | D:6      | Noticed Pikel
  4707 | D:6      | Killed Pikel
  4707 | D:6      | Reached * piety under Qazlal
  4707 | D:6      | Reached skill level 11 in Axes
  4707 | D:6      | Gained mutation: You have claws for feet. [demonic
                  | ancestry]
  4707 | D:6      | Reached XP level 9. HP: 43/61 MP: 9/9
  4865 | D:6      | Noticed Edmund
  4878 | D:6      | Killed Edmund
  4898 | D:6      | Found an iron altar of Okawaru.
  6127 | D:8      | Reached ** piety under Qazlal
  6132 | D:8      | Reached skill level 12 in Axes
  6372 | D:8      | Got a crude ring mail
  6383 | D:8      | Identified the +0 ring mail of Fortitude {Int+3 Stlth+}
                  | (You found it on level 8 of the Dungeon)
  6486 | D:8      | Found a blossoming altar of Fedhas.
  6795 | D:9      | Found a staircase to the Orcish Mines.
  6805 | D:9      | Reached skill level 13 in Axes
  6811 | D:9      | Reached *** piety under Qazlal
  6815 | D:9      | Gained mutation: You are partially covered in icy blue
                  | scales. (AC +2) [demonic ancestry]
  6815 | D:9      | Reached XP level 10. HP: 61/67 MP: 10/10
  6848 | D:9      | Noticed Prince Ribbit
  6863 | D:9      | Killed Prince Ribbit
  7134 | D:9      | Noticed a two-headed ogre
  7475 | D:9      | Killed a two-headed ogre
  7505 | D:9      | Noticed Joseph
  7513 | D:9      | Shot with a sling bullet by Joseph

Skill      XL: |  1  2  3  4  5  6  7  8  9 |
---------------+----------------------------+-----
Axes           | 3 4 6 7 9 11 13 | 13.8
Fighting       | |  2.0
Throwing       | |  1.7
Dodging        | |  2.6

Action                   |  1- 3 |  4- 6 |  7- 9 | 10-12 || total
-------------------------+-------+-------+-------+-------++-------
Melee: War axe           |    87 |    84 |   243 |    37 ||   451
       Kick              |    14 |    22 |    66 |    11 ||   113
Invok: Upheaval          |       |       |       |     2 ||     2
Evoke: Wand              |       |       |     6 |     2 ||     8
  Use: Scroll            |       |       |     3 |     1 ||     4
       Potion            |       |       |     2 |       ||     2
 Stab: Confused          |       |       |     1 |       ||     1
  Eat: Chunk             |     1 |     6 |     9 |     1 ||    17
       Ration            |       |       |     1 |     1 ||     2
Armor: Leather armour    |    17 |       |       |       ||    17
       Ring mail         |    19 |    16 |    45 |     9 ||    89
Dodge: Dodged            |    64 |    58 |   118 |    21 ||   261
Block: Other             |       |       |     9 |     4 ||    13
